Map: [G8] Gresvan

Players

ByuN

  • Race: Terran Terran
  • Spawn Location: 11:00

Classic - Winner!

  • Race: Protoss Protoss
  • Spawn Location: 5:00

Event: Gamers8 2023

VOD

Have the link to the VOD?

Description

Time

  • Played on: Aug. 3, 2023, 5:02 p.m.
  • Length: 22:45

All games in this series

Show
View Real Time Build Order
Export as new Build Order

ByuN Terran 

Build Orders: Gas First Reaper Expand 

Get SALT Encoding   

  12  0:00  SCV  
  13  0:12  SCV  
  14  0:17  Supply Depot  
  14  0:24  SCV  
  14  0:27  Refinery  
  15  0:38  SCV  
  16  0:45  Barracks  
  16  0:50  SCV  
  17  1:02  SCV  
  18  1:15  SCV  
  19  1:31  Reaper  
  19  1:32  Orbital Command  
  20  1:40  Command Center  
  20  1:47  Refinery  
  20  1:58  SCV  
  21  2:01  Factory  
  21  2:10  SCV, Supply Depot  
  22  2:15  Barracks Reactor  
  22  2:22  SCV  
  23  2:34  SCV  
  24  2:46  Hellion, SCV  
  24  2:47  Starport  
  26  2:52  Marine x2, Orbital Command  
  29  2:58  SCV  
  29  3:08  Hellion  
  29  3:10  Marine x2, SCV  
  34  3:18  SCV  
  35  3:21  Supply Depot  
  35  3:22  SCV  
  35  3:23  Medivac  
  38  3:28  Marine x2  
  38  3:29  Orbital Command  
  38  3:32  Hellion  
  42  3:36  Supply Depot  
  42  3:37  SCV  
  43  3:48  Marine x2  
  43  3:54  SCV  
  43  3:55  Factory Tech Lab  
  45  3:58  SCV  
  45  4:01  Starport Tech Lab  
  44  4:06  Marine x2  
  44  4:07  SCV  
  44  4:08  Supply Depot  
  47  4:10  SCV  
  47  4:16  Siege Tank  
  51  4:19  SCV  
  51  4:22  Raven, SCV  
  51  4:24  Marine x2  
  55  4:25  Barracks  
  55  4:31  SCV  
  58  4:34  SCV  
  59  4:40  Refinery  
  59  4:41  Engineering Bay  
  59  4:42  Marine x2  
  59  4:43  SCV  
  62  4:46  SCV  
  62  4:50  Siege Tank  
  66  4:55  SCV  
  66  4:59  Marine x2  
  67  5:01  SCV  
  67  5:03  Supply Depot  
  67  5:06  Starport Reactor  
  70  5:09  Terran Infantry Weapons Level 1  
  70  5:11  Barracks  
  70  5:13  Supply Depot  
  70  5:19  Stimpack  
  70  5:24  Marine x2, SCV x2  
  70  5:25  Marauder  
  76  5:31  Supply Depot  
  76  5:35  Siege Tank  
  79  5:36  Supply Depot  
  79  5:37  SCV x2  
  81  5:43  Refinery  
  81  5:44  Marine x2  
  81  5:46  Marauder  
  81  5:49  SCV  
  86  5:53  SCV, Supply Depot  
  86  5:56  Medivac x2  
  91  6:01  SCV  
  92  6:04  Marine x2  
  97  6:11  Marauder  
  97  6:12  Marauder  
  97  6:15  Combat Shield, Factory Reactor  
  98  6:22  Marine x2  
  99  6:33  Barracks x2  
  99  6:34  Marauder  
  99  6:36  Marine  
  99  6:38  Command Center  
  102  6:40  Marine  
  102  6:42  Medivac x2  
  102  6:45  SCV x2  
  109  6:47  Supply Depot  
  109  6:56  Ghost Academy  
  109  6:59  Concussive Shells  
  106  7:01  SCV x2  
  106  7:06  Marauder x2  
  110  7:08  Marine  
  110  7:10  Marine, Widow Mine  
  110  7:13  SCV  
  115  7:18  Widow Mine  
  117  7:23  Barracks Reactor, Barracks Tech Lab  
  117  7:27  SCV  
  118  7:38  Supply Depot  
  118  7:40  Marauder, Marine x2, Widow Mine, SCV  
  125  7:48  Supply Depot  
  125  7:49  Viking x2  
  125  7:50  Marauder  
  131  7:57  SCV x2  
  128  8:00  SCV  
  113  8:09  SCV x2  
  113  8:12  SCV  
  110  8:16  Ghost  
  110  8:17  Ghost x2  
  116  8:21  SCV  
  116  8:25  SCV  
  109  8:35  Marine x2  
  109  8:38  Marine  
  109  8:40  SCV x2  
  110  8:45  Ghost x3  
  115  8:49  Marine  
  115  8:52  SCV x2  
  115  8:53  Marine  
  115  8:55  Medivac  
  121  9:04  SCV, Orbital Command  
  121  9:05  Refinery, SCV  
  121  9:08  Refinery  
  123  9:16  Marauder x3  
  123  9:17  SCV  
  129  9:19  Marine x3  
  129  9:30  Medivac x2  
  132  9:32  Widow Mine x2, SCV  
  132  9:36  Terran Infantry Armor Level 1  
  137  9:40  Marauder x3  
  137  9:41  Marine x2  
  137  9:44  Marine x2  
  147  9:54  Armory, Supply Depot x2  
  147  10:06  Viking, Command Center  
  147  10:07  Viking  
  151  10:12  Marauder x2  
  151  10:14  Marauder  
  157  10:17  Marine x2  
  157  10:18  Marine x2  
  161  10:28  Supply Depot  
  161  10:30  Supply Depot  
  161  10:33  SCV x3  
  161  10:34  Missile Turret  
  164  10:40  Medivac, Viking  
  168  10:44  Armory  
  168  10:45  Engineering Bay  
  168  10:58  Sensor Tower, Missile Turret  
  168  11:02  Missile Turret  
  172  11:04  Marauder x2  
  172  11:05  Marauder  
  172  11:10  Viking x2, Terran Infantry Weapons Level 2  
  178  11:11  Marine x3  
  178  11:16  Terran Ship Weapons Level 1  
  181  11:31  Marauder x3  
  187  11:32  Barracks  
  187  11:34  Barracks  
  187  11:35  Barracks  
  187  11:37  Starport  
  187  11:38  Factory Reactor, SCV x3  
  190  11:40  Viking x2  
  194  11:48  Missile Turret  
  194  11:49  Planetary Fortress  
  194  11:50  SCV  
  194  11:52  Missile Turret  
  194  11:53  SCV x2  
  200  12:02  Ghost, SCV  
  200  12:03  Barracks, Missile Turret  
  200  12:04  Barracks  
  200  12:11  Sensor Tower  
  197  12:21  SCV x2  
  197  12:22  SCV  
  195  12:26  Ghost x2  
  194  12:30  Ghost  
  194  12:31  Medivac  
  194  12:32  Medivac  
  194  12:33  SCV  
  194  12:35  Missile Turret x2  
  200  12:51  Barracks Reactor, Barracks Tech Lab x2  
  200  13:02  Ghost  
  200  13:04  Ghost x2  
  200  13:11  Marauder  
  196  13:13  Medivac x2  
  196  13:14  Marauder, Marine x2  
  199  13:22  Marine  
  200  13:27  Command Center  
  200  13:33  Missile Turret  
  200  13:36  Terran Infantry Armor Level 2  
  200  13:37  Terran Infantry Weapons Level 3  
  200  13:43  Fusion Core  
  197  14:11  Marauder  
  190  14:19  Marauder x2  
  190  14:20  Marauder x2, SCV  
  190  14:21  SCV x2  
  174  14:26  SCV  
  174  14:27  Medivac x2  
  174  14:28  Marine x3  
  168  14:32  Marauder  
  168  14:33  SCV  
  168  14:35  Medivac x2  
  174  14:40  Ghost  
  174  14:41  Marauder x3  
  176  14:46  Marine x4  
  176  14:47  SCV x3  
  176  14:49  Marine  
  182  14:53  Ghost  
  184  15:02  Marauder x3  
  174  15:10  Marauder  
  174  15:14  Marine x2  
  152  15:15  Marine  
  152  15:21  Marine x2  
  142  15:22  Marauder  
  142  15:23  Marauder x2  
  142  15:24  Marauder  
  150  15:30  Liberator x4, Widow Mine x2  
  150  15:31  Marauder  
  166  15:44  Marauder  
  166  15:45  Marauder x3  
  166  15:47  SCV x3  
  166  15:48  Planetary Fortress  
  177  15:52  Marauder  
  177  15:55  Marine x2  
  177  15:56  Marine  
  182  15:58  Marine  
  182  16:00  Marine  
  182  16:01  Marine  
  185  16:05  Marauder  
  185  16:06  Marauder x2  
  185  16:07  Marauder  
  193  16:14  Marauder  
  169  16:23  Marine x2  
  169  16:24  Marine x2  
  169  16:25  Marine x2  
  173  16:26  Marauder  
  173  16:27  Marauder, SCV x2  
  173  16:28  Marauder x2  
  173  16:30  SCV  
  173  16:31  SCV  
  179  16:35  Marauder  
  181  16:41  Marine x3  
  181  16:42  Marine  
  181  16:43  Marine x2  
  187  16:48  Marauder, Widow Mine  
  187  16:49  Marauder x3  
  187  16:50  Widow Mine, SCV  
  187  16:51  SCV x2  
  181  16:54  Liberator  
  181  16:55  Liberator  
  181  16:57  Marauder  
  185  17:08  Ghost  
  185  17:10  Widow Mine, Ghost  
  185  17:12  Ghost, SCV x3  
  193  17:16  Ghost  
  193  17:22  SCV x2  
  197  17:24  Missile Turret  
  197  17:31  Medivac  
  196  17:39  Ghost  
  170  17:46  Marine x3  
  170  17:47  Marine, SCV x3  
  170  17:48  SCV  
  170  17:49  SCV  
  168  17:53  Ghost  
  163  17:59  SCV x3  
  163  18:00  SCV  
  163  18:01  SCV  
  149  18:06  Ghost  
  149  18:07  Marine  
  149  18:11  SCV x2  
  140  18:17  Widow Mine x2  
  136  18:25  Marauder  
  118  18:31  Marauder x2  
  113  18:34  Marauder  
  113  18:35  Marine  
  113  18:37  SCV  
  113  18:40  SCV  
  116  18:41  SCV x2  
  116  18:42  SCV  
  116  18:47  Marine x3  
  122  18:50  SCV  
  122  18:52  Ghost  
  125  18:56  Marine x2  
  125  18:57  Marauder x3, Marine  
  134  19:06  Marauder  
  134  19:07  Marine  
  134  19:08  Marine x2  
  138  19:12  Missile Turret  
  138  19:13  Marine  
  121  19:18  Marauder x2  
  121  19:20  Marauder  
  121  19:22  Marauder, Marine x2  
  129  19:25  Marine x2  
  129  19:26  Marine  
  129  19:27  Marine  
  129  19:28  SCV x3  
  129  19:29  SCV  
  135  19:31  Marine  
  136  19:39  Marine x3, SCV, Missile Turret  
  136  19:40  Marine, SCV  
  136  19:41  Marine  
  136  19:43  Marauder, Marine x2  
  136  19:45  Marauder  
  149  19:47  Marine  
  149  19:49  Marine  
  149  19:50  SCV  
  149  19:52  SCV  
  153  19:57  Marauder x2, Marine x2  
  153  19:59  Marauder  
  162  20:00  SCV  
  162  20:01  Marine  
  162  20:05  Marine x3  
  166  20:12  Widow Mine x2  
  157  20:18  Marauder  
  157  20:19  Marauder, Marine x3  
  152  20:24  Marauder  
  141  20:29  Marauder, Marine  
  141  20:34  Marauder, Marine  
  94  20:57  Marine  
  94  20:58  Marine x10  
  104  21:06  Orbital Command  
  104  21:15  Marine x2  
  104  21:16  Marine x8  
  104  21:17  Marauder  
  97  21:33  Marine x4  
  97  21:34  Marine x4  
  97  21:35  Marine  
  97  21:36  Marine  
  97  21:37  Marine  
  93  21:51  Marine x4  
  93  21:52  Marine x4, SCV x3  
  93  21:53  Marauder, SCV  
  105  21:54  Marine  
  105  21:55  Marine  
  105  22:08  Marine  
  105  22:11  Marauder  
  105  22:12  Marauder  
  105  22:14  Marauder  
  110  22:20  Marauder, Marine  
  91  22:23  Marine  
  91  22:24  Marine x2  
  91  22:26  Marine x2  
Show
View Real Time Build Order
Export as new Build Order

Classic Protoss - Winner!

Build Orders: 1 Gate Expand, Blink Stalkers, Zealot Archon 

Get SALT Encoding   

  12  0:00  Probe  
  13  0:12  Probe  
  14  0:17  Pylon  
  14  0:24  Probe  
  15  0:35  Gateway  
  15  0:36  Probe (Chrono Boost)  
  16  0:46  Assimilator, Probe (Chrono Boost)  
  17  0:51  Probe (Chrono Boost)  
  18  1:03  Probe  
  20  1:23  Cybernetics Core  
  20  1:28  Probe  
  20  1:34  Nexus  
  20  1:40  Pylon  
  20  1:43  Probe  
  21  1:50  Assimilator  
  21  1:55  Probe  
  21  1:56  Adept (Chrono Boost)  
  24  2:01  Warp Gate  
  24  2:07  Probe  
  25  2:19  Adept, Probe  
  28  2:25  Twilight Council  
  28  2:32  Probe  
  30  2:44  Probe (Chrono Boost)  
  30  2:45  Probe (Chrono Boost)  
  30  2:51  Stalker  
  33  2:55  Probe x2 (Chrono Boost)  
  35  2:59  Probe (Chrono Boost)  
  35  3:00  Probe (Chrono Boost), Blink (Chrono Boost)  
  37  3:10  Probe  
  37  3:12  Probe  
  39  3:22  Probe  
  39  3:24  Probe  
  39  3:26  Gateway  
  41  3:28  Gateway  
  41  3:33  Robotics Facility  
  41  3:35  Probe  
  41  3:36  Probe  
  41  3:39  Pylon  
  43  3:46  Assimilator  
  43  3:48  Assimilator  
  43  3:49  Probe x2  
  45  4:01  Probe x2, Stalker  
  45  4:14  Probe x2  
  45  4:15  Shield Battery  
  45  4:18  Pylon  
  45  4:21  Stalker x2  
  45  4:23  Observer  
  50  4:25  Stalker  
  50  4:28  Pylon  
  50  4:31  Probe x2  
  54  4:41  Templar Archives  
  54  4:47  Stalker x2  
  54  4:48  Stalker  
  60  5:01  Nexus  
  60  5:03  Pylon  
  60  5:05  Charge  
  60  5:09  Observer  
  60  5:11  Observer  
  60  5:12  Psionic Storm  
  60  5:16  Gateway  
  60  5:17  Gateway  
  60  5:27  Gateway  
  60  5:33  Probe x2  
  62  5:40  High Templar  
  62  5:42  Pylon  
  64  5:45  Probe x2  
  64  5:46  High Templar  
  68  5:52  Zealot  
  70  5:57  Probe  
  70  5:58  Probe  
  70  6:00  Gateway  
  70  6:01  Gateway  
  70  6:02  Immortal (Chrono Boost)  
  72  6:10  Probe x2  
  78  6:14  High Templar  
  80  6:19  Probe  
  80  6:22  High Templar, Probe x2  
  85  6:27  Zealot  
  85  6:31  Warp Prism (Chrono Boost)  
  90  6:32  Probe  
  90  6:34  Probe x2  
  90  6:35  Shield Battery  
  92  6:40  Zealot  
  92  6:43  Pylon  
  92  6:46  High Templar  
  96  6:47  High Templar  
  96  6:49  Pylon, Observer  
  96  6:52  Archon  
  96  6:53  Zealot  
  100  6:55  Pylon  
  100  6:57  Pylon  
  100  7:04  Zealot x5  
  100  7:08  Immortal (Chrono Boost)  
  109  7:16  Probe x3  
  109  7:20  High Templar  
  114  7:28  Pylon  
  114  7:29  Zealot x2  
  117  7:37  Immortal (Chrono Boost)  
  121  7:44  Forge  
  121  7:46  Pylon, Zealot x4  
  129  7:55  Assimilator  
  129  7:57  Stalker x2  
  129  8:00  Assimilator  
  129  8:03  Archon  
  129  8:05  Stalker  
  125  8:12  Zealot x4  
  133  8:17  Probe x3  
  133  8:18  Pylon  
  133  8:29  Probe x3  
  129  8:43  Protoss Ground Weapons Level 1 (Chrono Boost)  
  129  8:44  Zealot x8  
  141  8:53  Robotics Facility  
  141  8:55  Nexus  
  141  8:56  Robotics Bay  
  141  9:04  High Templar  
  141  9:05  High Templar  
  145  9:11  Zealot x3  
  145  9:13  Zealot x2  
  145  9:15  Zealot  
  157  9:19  Pylon  
  149  9:31  Probe x2  
  149  9:32  Probe  
  149  9:36  Photon Cannon  
  152  9:40  High Templar  
  152  9:41  High Templar  
  152  9:43  Colossus (Chrono Boost)  
  162  9:49  Pylon  
  162  9:53  Extended Thermal Lance  
  162  9:56  Forge  
  162  10:06  Pylon  
  168  10:09  Colossus (Chrono Boost)  
  168  10:10  Pylon  
  168  10:14  Photon Cannon  
  168  10:16  Shield Battery, Probe x4  
  172  10:26  Colossus (Chrono Boost)  
  178  10:29  Robotics Facility  
  178  10:31  Photon Cannon  
  178  10:32  Protoss Ground Weapons Level 2 (Chrono Boost)  
  178  10:33  Protoss Ground Armor Level 1 (Chrono Boost)  
  178  10:34  Nexus  
  178  10:38  Pylon  
  178  10:43  High Templar  
  178  10:44  High Templar  
  182  10:51  Probe x2  
  182  10:52  Probe x2  
  182  10:53  Colossus (Chrono Boost)  
  182  10:56  Pylon  
  192  11:09  Assimilator  
  192  11:10  Photon Cannon  
  192  11:14  Robotics Facility, Observer  
  192  11:17  Shield Battery  
  191  11:29  Disruptor  
  194  11:34  Disruptor  
  194  11:38  Gateway  
  195  11:40  Gateway  
  195  11:44  Gateway  
  195  11:45  Gravitic Drive, Gateway  
  195  11:48  Gateway x2  
  195  11:52  Probe x3  
  195  11:53  Probe x2  
  200  12:02  Nexus  
  200  12:03  Pylon  
  198  12:22  Zealot x2  
  194  12:31  Disruptor x2  
  200  12:39  Protoss Ground Weapons Level 3 (Chrono Boost)  
  200  12:41  Protoss Ground Armor Level 2 (Chrono Boost)  
  196  12:56  Archon  
  196  12:57  Disruptor x2 (Chrono Boost)  
  190  13:07  Disruptor (Chrono Boost)  
  190  13:08  Disruptor (Chrono Boost)  
  181  13:17  Zealot x10  
  181  13:18  Zealot x4  
  183  13:30  Disruptor x2 (Chrono Boost)  
  183  13:32  Robotics Facility  
  189  13:35  Photon Cannon  
  189  13:37  Photon Cannon  
  189  13:38  Assimilator  
  189  13:39  Probe x5  
  195  13:41  Disruptor (Chrono Boost)  
  195  13:44  Nexus  
  195  13:46  Pylon  
  198  13:48  Dark Shrine  
  196  14:01  Assimilator  
  196  14:08  Nexus  
  194  14:11  Pylon, Stalker x2  
  194  14:12  Stalker x12  
  180  14:23  Nexus  
  164  14:25  Pylon  
  142  14:35  Stalker x9  
  142  14:36  Zealot x3  
  165  14:45  Warp Prism, Disruptor  
  169  14:51  Probe x3  
  169  14:52  Probe  
  173  15:05  Zealot x6  
  173  15:06  Zealot  
  173  15:09  Zealot  
  167  15:15  Zealot x6  
  167  15:21  Zealot x6  
  167  15:25  Warp Prism  
  167  15:28  Stalker x5  
  179  15:46  Pylon, Probe x6  
  179  15:49  Protoss Ground Armor Level 3 (Chrono Boost), Protoss Shields Level 1 (Chrono Boost)  
  185  15:50  Disruptor x3  
  194  16:02  Shield Battery  
  181  16:17  Disruptor  
  171  16:23  Stalker x2  
  175  16:26  Disruptor  
  175  16:28  Zealot x2  
  175  16:29  Zealot x7  
  199  16:35  Photon Cannon  
  199  16:40  Zealot x2, Shield Battery  
  192  16:57  Immortal x2  
  184  17:13  Disruptor x2  
  180  17:19  Zealot x10  
  200  17:24  Shadow Stride  
  200  17:35  Nexus  
  200  17:36  Pylon  
  169  17:49  Zealot x14  
  194  17:52  Archon  
  183  18:07  Disruptor x4 (Chrono Boost)  
  183  18:12  Zealot x3  
  189  18:13  Zealot x3  
  148  18:37  Disruptor (Chrono Boost)  
  148  18:41  Disruptor x3 (Chrono Boost)  
  160  18:43  Dark Templar x2  
  160  18:45  Zealot x12  
  188  18:48  Probe x3  
  188  18:49  Probe x3  
  188  18:52  Probe  
  195  19:02  Observer  
  196  19:04  Warp Prism  
  186  19:20  Nexus  
  186  19:23  Observer  
  179  19:31  Disruptor  
  179  19:34  Zealot x4  
  179  19:35  Zealot x3  
  199  19:49  Nexus  
  199  19:52  Protoss Shields Level 2 (Chrono Boost)  
  192  20:19  Observer  
  192  20:20  Disruptor x2  
  195  20:34  Pylon  
  195  20:37  Stalker x2  
  152  20:51  Disruptor  
  152  20:52  Disruptor x2  
  158  21:01  Disruptor  
  159  21:06  Zealot x7  
  159  21:07  Zealot x2  
  159  21:08  Probe x4  
  159  21:09  Probe  
  182  21:12  Zealot x5  
  182  21:16  Immortal  
  182  21:28  Immortal x3  
  182  21:32  Zealot x8  
  198  21:56  Pylon  
  198  21:58  Assimilator  
  198  22:02  Assimilator  
  170  22:32  Zealot x7  
  170  22:33  Zealot x7  
Tags
 
Add a new tag
Caveats
  • Supply blocks, unpowered buildings, or Contaminate may cause inaccurate times.
  • Supply counts are checked every 10 seconds.